 Dungeon Crawl Stone Soup version 0.31-a0-656-gb4d89c20fa (webtiles) character file.

Game seed: 7121290781414010598

55813 heikuro the Severer (level 15, -2/122 HPs)
             Began as a Formicid Fighter on Aug 30, 2023.
             Was the Champion of Cheibriados.
             Killed by the air
             ... invoked by a wind drake
              (12 damage)
             ... on level 2 of the Lair of Beasts.
             The game lasted 00:48:07 (18231 turns).

heikuro the Severer (Formicid Fighter)             Turns: 18231, Time: 00:48:08

Health: -2/122     AC: 18    Str: 46    XL:     15   Next: 19%
Magic:  27/32      EV:  9    Int: 24    God:    Cheibriados [******]
Gold:   1813       SH: 19    Dex: 28    Spells: 14/14 levels left

rFire   + . .        M - +6 hand axe "Grim" {freeze, Str+4}
rCold   + . .        D - +3 kite shield
rNeg    . . .        a - +0 plate armour
rPois   .            (helmet unavailable)
rElec   .            w - scarf {rC+ rF+}
rCorr   +            k - +0 pair of gloves
SInv    +            C - +0 pair of boots
Will    +....        (no amulet) Stlth
                     T - ring of resist corrosion
HPRegen 0.40/turn    N - ring of magical power
MPRegen 0.23/turn

%: no passive effects
@: very slow
A: permanent stasis, dig shafts and tunnels, antennae 3, four strong arms, wild
magic 1
a: Dig, Shaft Self, Renounce Religion, Bend Time, Temporal Distortion, Slouch,
Step From Time


You were on level 2 of the Lair of Beasts.
You worshipped Cheibriados.
Cheibriados was exalted by your worship.
You visited 3 branches of the dungeon, and saw 18 of its levels.
You also visited: Volcano.

You collected 2037 gold pieces.
You spent 224 gold pieces at shops.

Inventory:

Hand Weapons
 m - a +4 scimitar of flaming
 M - the +6 hand axe "Grim" (weapon) {freeze, Str+4}
   (You bought it in a shop on level 9 of the Dungeon)

   Str+4:     It affects your strength (+4).
 S - a +0 battleaxe of protection
 W - a +4 trident of draining
Missiles
 E - a curare-tipped dart
 H - 30 poisoned darts
 O - a throwing net
 V - 5 boomerangs (quivered)
Armour
 a - a +0 plate armour (worn)
 c - a +2 chain mail of fire resistance
 k - a +0 pair of gloves (worn)
 w - a scarf of resistance (worn)
 z - a +1 cloak
 C - a +0 pair of boots (worn)
 D - a +3 kite shield (worn)
Jewellery
 B - a ring of flight
 J - a ring of ice
 N - a ring of magical power (right hand)
 T - a ring of resist corrosion (left hand)
 Y - a ring of wizardry
Wands
 b - a wand of paralysis (27)
 j - a wand of digging (4)
 I - a wand of roots (11)
 P - a wand of flame (9)
 R - a wand of acid (4)
 X - a wand of mindburst (7)
Scrolls
 d - 2 scrolls of enchant weapon
 f - 3 scrolls of vulnerability
 g - 6 scrolls of fear
 h - a scroll of noise {unknown}
 i - 2 scrolls of brand weapon
 l - 2 scrolls of fog
 o - 2 scrolls of revelation
 p - a scroll of amnesia
 q - 2 scrolls of butterflies
 r - a scroll of silence
 y - 4 scrolls of poison {unknown}
 G - 4 scrolls of enchant armour
 K - a scroll of blinking {unknown}
 Q - a scroll of immolation
 U - 2 scrolls of acquirement
 Z - 4 scrolls of identify
Potions
 e - 2 potions of invisibility
 n - 4 potions of curing
 t - 4 potions of resistance
 u - 3 potions of brilliance
 v - 2 potions of lignification
 x - 2 potions of enlightenment
 A - 2 potions of mutation
 F - a potion of might
 L - 4 potions of heal wounds


   Skills:
 + Level 12.4 Fighting
 * Level 15.4 Axes
 + Level 12.4 Armour
 + Level 14.3 Shields
 + Level 10.8 Invocations


You had 14 spell levels left.
You didn't know any spells.
Your spell library contained the following spells:

 Spells                   Type           Power      Damage    Failure   Level
 Apportation              Tloc           0%         N/A       63%         1
 Necrotise                Necr           0%         1d4       63%         1
 Sandblast                Erth           0%         2d4       63%         1
 Sting                    Tmut/Pois      0%         1d3       63%         1
 Summon Small Mammal      Summ           0%         N/A       63%         1
 Passwall                 Tmut/Erth      0%         N/A       75%         2
 Poisonous Vapours        Pois/Air       0%         N/A       75%         2
 Frozen Ramparts          Ice            0%         1d1       92%         3
 Ignite Poison            Fire/Tmut/Pois 0%         N/A       92%         3
 Stone Arrow              Conj/Erth      0%         3d7       92%         3
 Animate Armour           Summ/Erth      0%         N/A       100%        4
 Olgreb's Toxic Radiance  Pois           0%         N/A       100%        4
 Petrify                  Tmut/Erth      0%         N/A       100%        4
 Sticky Flame             Conj/Fire      0%         2d3       100%        4
 Metabolic Englaciation   Hex/Ice        0%         N/A       100%        5
 Eringya's Noxious Bog    Tmut/Pois      0%         4d6       100%        6
 Ignition                 Fire           0%         3d3       100%        8
 Lehudib's Crystal Spear  Conj/Erth      0%         10d2      100%        8


Dungeon Overview and Level Annotations

Branches:
Dungeon (15/15)            Temple (1/1) D:6            Lair (2/5) D:11
    Orc (0/2) D:12         Vaults (0/5) D:14         Depths (0/4) D:15
Volcano (visited)
  Swamp: Lair:2-3    Shoals: Lair:2-3     Snake: Lair:2-3    Spider: Lair:2-3

Altars:
Ashenzari
Cheibriados
Dithmenos
Elyvilon
Fedhas
Gozag
Hepliaklqana
Kikubaaqudgha
Makhleb
Nemelex Xobeh
Okawaru
Qazlal
Ru
Sif Muna
Trog
Uskayaw
Vehumet
Wu Jian
Xom
Yredelemnul
Zin
The Shining One

Shops:
D:9 (

Annotations:
D:10 3 runed translucent doors, heikuro's ghost, novice FoFi
D:14 1 runed translucent door, Qirhuc's ghost, journeyman DrVM


Innate Abilities, Weirdness & Mutations

You cannot be hasted, slowed, berserked, paralysed or teleported.
You can dig through walls and to a lower floor.
You have a pair of large antennae on your head. (SInv)
Your four strong arms can wield two-handed weapons with a shield.
Your spells are a little harder to cast, but a little more powerful.


Message History

You hit the wind drake. You freeze the wind drake.
The wind drake is moderately wounded.
The wind drake flaps its wings at you. The air twists around and strikes you.
* * * LOW HITPOINT WARNING * * *
You barely miss the wind drake.
The wind drake is moderately wounded.
The wind drake exhales a fierce blast of wind!
You are knocked back by the gust of wind.
You slam into the tree!
* * * LOW HITPOINT WARNING * * *
You hit the wind drake but do no damage.
The wind drake is moderately wounded.
The wind drake exhales a fierce blast of wind!
You are knocked back by the gust of wind.
You slam into the tree!
* * * LOW HITPOINT WARNING * * *
The wind drake bites you but does no damage.
The wind drake exhales a fierce blast of wind!
You are knocked back by the gust of wind.
You slam into the tree!
You block the wind drake's attack. x2
The wind drake bites you but does no damage.
You closely miss the wind drake.
The wind drake is moderately wounded.
You slash the wind drake! You freeze the wind drake.
The wind drake is heavily wounded.
The wind drake exhales a fierce blast of wind!
You are knocked back by the gust of wind.
The wind drake flaps its wings at you. The air twists around and strikes you!
* * * LOW HITPOINT WARNING * * *
You block the wind drake's attack. The wind drake barely misses you.
You slice the wind drake!! You freeze the wind drake.
The wind drake is almost dead.
You closely miss the wind drake.
The wind drake is almost dead.
The wind drake flaps its wings at you. The air twists around and strikes you!
You die...

##.......................##
###.................†.......#
..#..........................#
.......<††..................##
.....###.#.................P#
.## ##...♣♣........♣♣..###
#..♣♣♣♣......♣♣♣♣.## ##.♣
♣.......♣♣♣♣.P# #..
♣.@k.....♣♣...#
P..................##
..............†...#.#
...........####...###
#.......#### ##.## .........
#..# #........ ..## ##.......
..# .##


You could see a wind drake (repels missiles, catching breath).

Vanquished Creatures
  A red draconian (Volcano)
  A dire elephant (D:15)
  A hydra (D:13)
  Harold (D:9)
  3 ogre magi
  5 centaur warriors
  12 two-headed ogres
  3 boulder beetles
  A tengu warrior (D:14)
  3 skeletal warriors (D:15)
  Pikel (D:8)
  2 deep elf pyromancers
  17 ugly things
  A wolf spider (D:15)
  3 cyclopes
  6 manticores
  Maurice (D:10)
  Joseph (D:7)
  A naga mage (D:15)
  A molten gargoyle (Lair:1)
  3 gargoyles
  3 cane toads (Lair:1)
  Jeremiah (D:8)
  6 rime drakes (D:10)
  4 komodo dragons
  2 unseen horrors (D:12)
  2 kobold demonologists (D:13)
  A tengu conjurer (D:14)
  An efreet (D:15)
  A meliai (shapeshifter) (D:14)
  4 trolls
  5 blink frogs (Lair:1)
  A wraith (D:10)
  47 yaks
  A wyvern (D:8)
  3 steam dragons
  3 fire bats (Lair:1)
  A vampire (D:12)
  Grum (D:10)
  6 vampire mosquitoes
  2 basilisks
  A warg (D:12)
  2 acid dragons
  4 water moccasins (Lair:1)
  2 ice beasts (D:5)
  2 sky beasts
  A black bear (shapeshifter) (D:15)
  5 orc warriors
  6 black bears
  8 wolves
  3 ogres
  13 centaurs
  4 kobold brigands
  5 scorpions
  9 bullfrogs
  A gnoll sergeant (D:11)
  5 wights (D:8)
  9 killer bees
  An electric eel (Lair:1)
  5 howler monkeys
  6 hounds
  2 jellies
  Crazy Yiuf (D:6)
  A gnoll bouda (D:9)
  9 orc priests
  3 iguanas
  7 orc wizards
  A sleepcap (D:7)
  Robin (D:3)
  10 gnolls
  8 adders
  A shadow imp (D:6)
  2 white imps
  2 ufetubi
  3 dart slugs
  39 orcs
  7 ball pythons
  5 endoplasms
  17 goblins
  9 hobgoblins
  5 jackals (D:2)
  22 kobolds
  A quokka (D:1)
  7 bats
  A frilled lizard (D:2)
  A giant cockroach (D:1)
  3 rats
423 creatures vanquished.

Vanquished Creatures (others)
  An ogre mage (D:15)
1 creature vanquished.

Grand Total: 424 creatures vanquished

Notes
Turn   | Place    | Note
-------+----------+-------------------------------------------
     0 | D:1      | heikuro the Formicid Fighter began the quest for the Orb.
     0 | D:1      | Reached XP level 1. HP: 18/18 MP: 1/1
    77 | D:1      | Reached XP level 2. HP: 23/24 MP: 2/2
   164 | D:1      | Found a faded altar of an unknown god.
   270 | D:1      | Reached XP level 3. HP: 29/29 MP: 3/3
   630 | D:2      | Reached skill level 3 in Axes
   630 | D:2      | Reached XP level 4. HP: 23/37 MP: 4/4
  1062 | D:3      | Noticed Robin
  1076 | D:3      | Killed Robin
  1081 | D:3      | Reached XP level 5. HP: 22/42 MP: 5/5
  1581 | D:3      | Found a sacrificial altar of Ru.
  1797 | D:4      | Reached skill level 5 in Shields
  2351 | D:5      | Entered Level 5 of the Dungeon
  2380 | D:5      | Reached skill level 4 in Axes
  2380 | D:5      | Reached XP level 6. HP: 19/48 MP: 6/6
  2554 | D:5      | Noticed an ice beast
  2563 | D:5      | Killed an ice beast
  2639 | D:5      | Noticed an ogre
  2660 | D:5      | Found a glowing golden altar of the Shining One.
  2670 | D:5      | Killed an ogre
  2671 | D:5      | Reached XP level 7. HP: 47/55 MP: 7/7
  2674 | D:5      | Reached skill level 5 in Axes
  2741 | D:5      | Reached skill level 5 in Fighting
  2741 | D:5      | Reached skill level 5 in Armour
  2908 | D:5      | Found the +3 giant club "Skullcrusher" {speed, Str+7}
  3122 | D:5      | Reached XP level 8. HP: 62/62 MP: 8/8
  3489 | D:6      | Found a blossoming altar of Fedhas.
  3607 | D:5      | Reached skill level 6 in Axes
  3839 | D:6      | Found a hazy altar of Hepliaklqana.
  3841 | D:6      | Found a hide-covered altar of Uskayaw.
  3841 | D:6      | Found a snail-covered altar of Cheibriados.
  3851 | D:6      | Became a worshipper of Cheibriados the Contemplative
  4047 | D:6      | Reached XP level 9. HP: 24/69 MP: 9/9
  4216 | D:6      | Found a glowing silver altar of Zin.
  4268 | D:6      | Found a staircase to the Ecumenical Temple.
  4276 | D:6      | Reached skill level 7 in Axes
  4310 | Temple   | Entered the Ecumenical Temple
  4424 | D:6      | Identified the +3 leather armour "Ves Foke" {rPois Int+3}
  4511 | D:6      | Found a runed translucent door.
  4512 | D:6      | Noticed Crazy Yiuf
  4518 | D:6      | Killed Crazy Yiuf
  4771 | D:6      | Reached * piety under Cheibriados
  4901 | D:7      | Noticed Joseph
  4920 | D:7      | Killed Joseph
  5074 | D:7      | Reached skill level 8 in Axes
  5106 | D:7      | Found an iron altar of Okawaru.
  5274 | D:7      | Found a radiant altar of Vehumet.
  5339 | D:7      | Found an ancient bone altar of Kikubaaqudgha.
  5496 | D:7      | Found an ornate altar of the Wu Jian Council.
  5749 | D:8      | Noticed a brown ugly thing
  5761 | D:8      | Killed a brown ugly thing
  5762 | D:8      | Reached skill level 1 in Invocations
  5762 | D:8      | Reached XP level 10. HP: 47/79 MP: 9/11
  6045 | D:8      | Reached skill level 9 in Axes
  6200 | D:8      | Noticed Jeremiah
  6254 | D:8      | Noticed Pikel
  6268 | D:8      | Killed Pikel
  6320 | D:8      | Reached ** piety under Cheibriados
  6515 | D:9      | Found Gixze's Antique Weapon Emporium.
  6523 | D:9      | Bought a slimy hand axe for 224 gold pieces
  6523 | D:9      | Identified the +6 hand axe "Grim" {freeze, Str+4} (You
                  | bought it in a shop on level 9 of the Dungeon)
  6895 | D:9      | Noticed Harold
  6913 | D:9      | Killed Harold
  7074 | D:9      | Got the Excursus on Virulence
  7289 | D:9      | Reached XP level 11. HP: 68/86 MP: 12/14
  7294 | D:9      | Reached skill level 10 in Axes
  7364 | D:8      | Killed Jeremiah
  7628 | D:9      | Found a burning altar of Makhleb.
  7754 | D:10     | Entered Level 10 of the Dungeon
  7765 | D:10     | Reached skill level 10 in Shields
  7767 | D:10     | Reached *** piety under Cheibriados
  8010 | D:10     | Noticed Maurice
  8020 | D:10     | You fall into a shaft and drop 3 floors!
  8197 | D:13     | Found a snail-covered altar of Cheibriados.
  8208 | D:13     | Noticed a manticore
  8223 | D:13     | Killed a manticore
  8368 | D:13     | Gained mutation: Your spells are a little harder to cast,
                  | but a little more powerful. [potion of mutation]
  8368 | D:13     | Gained mutation: You are clumsy. (Dex -2) [potion of
                  | mutation]
  8368 | D:13     | Lost mutation: You are clumsy. (Dex -2) [potion of
                  | mutation]
  8382 | D:13     | Noticed a boulder beetle
  8679 | D:12     | Reached skill level 5 in Invocations
  8862 | D:12     | Noticed a deep elf pyromancer
  8876 | D:12     | Reached **** piety under Cheibriados
  8878 | D:12     | Killed a deep elf pyromancer
  8916 | D:12     | Found a staircase to the Orcish Mines.
  8921 | D:12     | Noticed a boulder beetle
  8945 | D:12     | Killed a boulder beetle
  9019 | D:12     | Reached skill level 11 in Axes
  9136 | D:11     | Noticed a manticore
  9147 | D:11     | Killed a manticore
  9407 | D:11     | Reached XP level 12. HP: 79/95 MP: 16/16
  9407 | D:11     | Reached ***** piety under Cheibriados
  9466 | D:11     | Found a staircase to the Lair.
  9669 | D:11     | Noticed a boulder beetle
  9683 | D:11     | You fall into a shaft and drop 2 floors!
 11046 | D:11     | Killed a boulder beetle
 11406 | D:11     | Reached skill level 12 in Axes
 11608 | D:10     | Noticed Grum
 11749 | D:10     | Reached skill level 10 in Armour
 11751 | D:10     | Reached skill level 10 in Fighting
 11887 | D:10     | Killed Grum
 11965 | D:10     | Found the +4 skin of Zhor {*Englaciate rC+++ SInv}
 11968 | D:10     | Killed Maurice
 12064 | D:10     | Found a runed translucent gate.
 12064 | D:10     | Found a runed translucent gate.
 12064 | D:10     | Found a runed translucent gate.
 12066 | D:10     | Noticed an 11-headed hydra
 12066 | D:10     | Noticed heikuro's ghost (novice FoFi)
 12066 | D:10     | Noticed a nine-headed hydra
 12407 | D:10     | Reached XP level 13. HP: 80/103 MP: 18/18
 13039 | D:13     | Reached ****** piety under Cheibriados
 13190 | D:13     | Reached skill level 13 in Axes
 13686 | D:14     | Noticed a centaur warrior
 13698 | D:13     | Killed a centaur warrior
 13831 | D:14     | Noticed a four-headed hydra
 13965 | D:13     | Killed a four-headed hydra
 14398 | D:14     | Found a runed translucent door.
 14399 | D:14     | Noticed Qirhuc's ghost (journeyman DrVM)
 14481 | D:14     | Identified 3 scrolls of acquirement
 14481 | D:14     | Acquired 940 gold pieces
 14543 | D:14     | Noticed an ogre mage
 14561 | D:14     | Killed an ogre mage
 14825 | D:14     | Found a gate to the Vaults.
 14913 | D:14     | Found a sparkling altar of Nemelex Xobeh.
 14998 | D:15     | Entered Level 15 of the Dungeon
 14998 | D:15     | Noticed an ogre mage
 15009 | D:14     | Reached XP level 14. HP: 52/113 MP: 20/20
 15175 | D:15     | Reached skill level 14 in Axes
 15533 | D:15     | Found a broken altar of Ashenzari.
 15622 | D:15     | Reached skill level 10 in Invocations
 15762 | D:15     | Noticed a dire elephant
 15776 | D:15     | Killed a dire elephant
 16263 | D:15     | Found a staircase to the Depths.
 16823 | Lair:1   | Entered Level 1 of the Lair of Beasts
 17064 | Lair:1   | Reached skill level 15 in Axes
 17076 | Lair:1   | Found a dark tunnel.
 17089 | Volcano  | Entered a volcano
 17201 | Volcano  | Noticed a red draconian
 17221 | Volcano  | Killed a red draconian
 17306 | Volcano  | Reached XP level 15. HP: 109/121 MP: 22/22
 17791 | Lair:1   | Identified the +3 robe of Cieprarch {rN+++}
 18231 | Lair:2   | Killed from afar by a wind drake

Illustrated notes

Levels and vault maps discovered:
D:1:      nicolae_arrival_memento_mori, layout_rooms,
          ebering_ecumenical_altar_sacrificial
D:2:      layout_rooms, minmay_pentomino_pile
D:3:      layout_basic, nicolae_ru_the_path_less_chosen, hex_medium, uniq_robin
D:4:      layout_loops_ring
D:5:      layout_loops_ring, mainiacjoe_overflow_cross_hatched
D:6:      layout_cave_pools, nicolae_overflow_hidden_temple,
          mainiacjoe_overflow_boulevard, temple_doors_e,
          kennysheep_small_square, uniq_crazy_yiuf_cottage
D:7:      layout_cave_pools, mainiacjoe_overflow_surrounded_room,
          mainiacjoe_overflow_brackets, mainiacjoe_overflow_big_doors,
          uniq_joseph
D:8:      wad_crossroads, layout_loops_ring, uniq_pikel, uniq_jeremiah
D:9:      layout_basic, bloody_makhleb, serial_shops, shop, uniq_harold
D:10:     layout_cave_pools, gammafunk_ghost_hydra_chop,
          hellmonk_guarded_unrand_zhor, uniq_grum, uniq_maurice
D:11:     layout_stronghold, grunt_lair_entry_orc_guard_hut
D:12:     layout_stronghold, erik_orc_4
D:13:     layout_rooms, serial_glass, glass_columns_c, glass_columns_c,
          due_unseen_surprise, feat_on_display, item_on_display_a,
          cheibriados_altar_1
D:14:     layout_rooms, david_vaults_2, gammafunk_ghost_grave,
          nemelex_altar_shiori
D:15:     hangedman_depths_entry_try_elsewhere_first, layout_loops_ring,
          nicolae_ashenzari_skybound
Temple:   hellmonk_temple_rainy
Lair:1:   layout_gridlike, nicolae_volcano_entry_lava_flow, fungi_pond_lemuel,
          serial_bayou_shore_b
Lair:2:   layout_cave_pods, minmay_shoals_entry_beasts,
          nicolae_snake_entry_warm_welcome, portal_ice_cave_entry_pillars_1,
          gammafunk_ghost_berserking_beasts, nicolae_lair_lil_pond,
          nicolae_lair_grove_arrangements, pdpol_lair_cavern_descent, uniq_erica

Skill      XL: |  1  2  3  4  5  6  7  8  9 10 11 12 13 14 |
---------------+-------------------------------------------+-----
Axes           | 3 4 5 6 8 9 11 12 13 15 | 15.4
Fighting       | 4 5 6 7 8 9 10 11 12 | 12.4
Armour         | 4 5 6 7 8 9 10 11 12 | 12.4
Shields        | 5 6 7 8 9 10 11 13 14 | 14.3
Invocations    | 1 4 6 7 9 10 | 10.8

Action                     |  1- 3 |  4- 6 |  7- 9 | 10-12 | 13-15 || total
---------------------------+-------+-------+-------+-------+-------++-------
  Melee: War axe           |    93 |   142 |   188 |    71 |       ||   494
         Giant club        |       |       |    54 |       |       ||    54
         Hand axe          |       |       |       |   447 |   446 ||   893
         Trident           |       |       |       |       |    14 ||    14
         Battleaxe         |       |       |       |       |   106 ||   106
  Throw: Dart              |       |       |       |     6 |       ||     6
         Boomerang         |       |       |       |     3 |       ||     3
Ability: Dig               |       |       |     1 |     2 |       ||     3
         Shaft Self        |       |       |       |     1 |       ||     1
    Use: Scroll            |       |     6 |     9 |     2 |     8 ||    25
         Potion            |       |     1 |     2 |     1 |       ||     4
 Armour: Scale mail        |    58 |    57 |    45 |       |       ||   160
         Chain mail        |       |       |    62 |    60 |       ||   122
         Plate armour      |       |       |       |   113 |   224 ||   337
  Dodge: Dodged            |    60 |    67 |    89 |   117 |   133 ||   466
  Block: Buckler           |    25 |    55 |    10 |       |       ||    90
         Kite shield       |       |       |   116 |   417 |   520 ||  1053

Table legend: (Time is in decaauts)
 A = Elapsed time spent in this place.
 B = Non-inter-level travel time spent in this place.
 C = Inter-level travel time spent in this place.
 D = Time resting spent in this place.
 E = Time spent auto-exploring this place.
 F = Levels seen in this place.
 G = Mean time per level.
                   A        B        C        D        E       F      G
               +--------+--------+--------+--------+--------+-----+--------+
         Total |  23860 |  22498 |   1362 |   4367 |  11367 |  19 | 1255.8 |
       Dungeon |  21533 |  20221 |   1312 |   4358 |   9954 |  15 | 1435.5 |
        Temple |      1 |      1 |      0 |      0 |      0 |   1 |    1.0 |
          Lair |   1891 |   1841 |     50 |      9 |   1186 |   2 |  945.5 |
       Volcano |    433 |    433 |      0 |      0 |    227 |   1 |  433.0 |
               +--------+--------+--------+--------+--------+-----+--------+

Top non-repeatable levels by time:
    D:13: 2468 daAuts
    D:11: 2434 daAuts
    D:12: 2425 daAuts
    D:15: 2125 daAuts
  Lair:1: 1802 daAuts
    D:10: 1626 daAuts
     D:8: 1623 daAuts
    D:14: 1461 daAuts
     D:5: 1406 daAuts
     D:6: 1291 daAuts
     D:9: 1186 daAuts
     D:7: 1041 daAuts
     D:4: 751 daAuts
     D:3: 585 daAuts
     D:2: 555 daAuts
